cohdb
Replays
Latest Replays
All Replays
Popular Replays
Top Player Replays
Match Explorer
How It Works
Community
CoH3 Stats
Reddit
Sign in to upload your games and track your stats! →
Sign in with Steam
Match 42722967
Unlisted
Match 42722967
Overview
Messages
Build Orders
End
Construct Weapon Support Center
Scout Squad
M1919 Machine Gun Team
M1919 Machine Gun Team
Bazooka Squad
Infantry Support Center
Construct Motor Pool
Engineer Squad
M8 Greyhound Armored Car
Construct Barracks
M1 Anti-tank Gun Team
.30 cal Machine Gun
.30 cal Machine Gun
Advanced Logistics
Riflemen Squad
Riflemen Squad
Selects Advanced Infantry Battlegroup
Selects Convert to Ranger Squad
Selects Frontline Medical Station
Selects Infantry Assault
Frontline Medical Station
M1918 Browning Automatic Rifles
.30 cal Machine Gun
Infantry Assault
M1 Anti-tank Gun Team
Construct Tank Depot
Selects Ammunition Storage
Engineer Squad
Selects M2A1 105mm Howitzer Emplacement
M4A1 Sherman Medium Tank
Scout Squad
M4A1 Sherman Medium Tank
Selects Free Fire Drills
Jar
Hawk
Kafkas
JayWind
Thrusher
Sepp
MightyOstrich
IX_Kill
0
0
Comments
sign in to comment!
No comments posted yet!